 Dungeon Crawl Stone Soup version 0.31-a0-963-ga325b2283a (webtiles) character file.

Game seed: 5103312051398405846

2163 IdlyInterested the Carver (level 9, -2/69 HPs)
             Began as a Demonspawn Fighter on Oct 25, 2023.
             Slain by a water moccasin (6 damage)
             ... on level 7 of the Dungeon.
             The game lasted 00:25:13 (6788 turns).

IdlyInterested the Carver (Demonspawn Fighter)      Turns: 6788, Time: 00:25:15

Health: -2/69      AC: 13    Str: 16    XL:     9   Next: 10%
Magic:  12/12      EV:  9    Int: 13    God:
Gold:   407        SH:  9    Dex: 16    Spells: 8/8 levels left

rFire   . . .        H - +5 falchion
rCold   . . .        b - +0 buckler
rNeg    . . .        y - +0 chain mail
rPois   .            (no helmet)
rElec   .            (no cloak)
rCorr   .            (no gloves)
SInv    .            (no boots)
Will    .....        (no amulet) Stlth
                     A - +4 ring of slaying
HPRegen 0.31/turn    D - ring of flight
MPRegen 0.26/turn

%: no passive effects
@: lethally poisoned (-2 -> -17), flying
A: icemail 1, magic regeneration, sturdy frame 1, condensation shield, weakness
stinger 2, hooves 1, clever 1, inability to read after injury 1, MP-powered
wands
a: no special abilities


You were on level 7 of the Dungeon.
You visited 2 branches of the dungeon, and saw 8 of its levels.
You also visited: Ossuary.

You collected 407 gold pieces.

Inventory:

Hand Weapons
 f - a +0 falchion
 g - a +1 long sword
 j - a +0 long sword
 B - a +2 short sword of flaming
 H - a +5 falchion (weapon)
Missiles
 a - 32 poisoned darts
 e - 40 stones (quivered)
 h - 4 curare-tipped darts
 x - 6 boomerangs
Armour
 b - a +0 buckler (worn)
 k - a +1 ring mail of cold resistance
 n - a +0 robe of fire resistance
 w - an orb of mayhem
 y - a +0 chain mail (worn)
 E - a +0 pair of boots
 M - a +1 robe of positive energy
Jewellery
 u - a ring of positive energy
 A - a +4 ring of slaying (left hand)
 D - a ring of flight (right hand)
Talismans
 I - a blade talisman
 J - a serpent talisman
Wands
 d - a wand of roots (9)
 F - a wand of flame (6)
 G - a wand of quicksilver (9)
Scrolls
 i - 2 scrolls of blinking
 o - a scroll of amnesia
 q - a scroll of teleportation
 s - a scroll of fear {unknown}
 C - 2 scrolls of brand weapon
 K - a scroll of fog
Potions
 c - a potion of might
 l - a potion of attraction {unknown}
 m - a potion of degeneration {unknown}
 p - 2 potions of enlightenment
 r - a potion of invisibility
 t - 2 potions of mutation
 v - a potion of resistance {unknown}
 z - 3 potions of heal wounds


   Skills:
 + Level 5.6 Fighting
 * Level 8.1 Long Blades
 - Level 1.0 Throwing
 - Level 4.0 Armour
 - Level 3.0 Dodging
 - Level 1.0 Stealth
 - Level 3.0 Shields
 - Level 1.7 Unarmed Combat
 - Level 4.0 Invocations
 - Level 1.0 Evocations


You had 8 spell levels left.
You didn't know any spells.
Your spell library contained the following spells:

 Spells                   Type           Power      Damage    Failure   Level
 Apportation              Tloc           0%         N/A       94%         1
 Sandblast                Erth           0%         2d4       94%         1
 Jinxbite                 Hex            0%         N/A       98%         2
 Passwall                 Tmut/Erth      0%         N/A       98%         2
 Wereblood                Tmut           0%         N/A       98%         2
 Dazzling Flash           Conj/Hex       0%         N/A       100%        3
 Frozen Ramparts          Ice            0%         1d1       100%        3
 Stone Arrow              Conj/Erth      0%         3d7       100%        3
 Volatile Blastmotes      Fire/Tloc      0%         2d10      100%        3
 Brom's Barrelling Bould  Conj/Erth      0%         2d3       100%        4
 Petrify                  Tmut/Erth      0%         N/A       100%        4
 Alistair's Intoxication  Tmut/Pois      0%         N/A       100%        5
 Irradiate                Conj/Tmut      0%         3d11      100%        5
 Metabolic Englaciation   Hex/Ice        0%         N/A       100%        5
 Starburst                Conj/Fire      0%         6d3       100%        6
 Maxwell's Capacitive Co  Air            0%         ∞         100%        8


Dungeon Overview and Level Annotations

Branches:
Dungeon (7/15)             Temple (1/1) D:5         Ossuary (visited)

Altars:
Ashenzari
Cheibriados
Dithmenos
Fedhas
Gozag
Kikubaaqudgha
Makhleb
Ru
Sif Muna
Uskayaw
Wu Jian
Xom
Yredelemnul

Shops:
D:5 (   D:6 (


Innate Abilities, Weirdness & Mutations

A meltable icy envelope protects you from harm. (AC +4)
You regenerate magic rapidly.
Your movements are slightly less encumbered by armour. (ER -2)
A meltable shield of frost defends you. (SH +4)
You have a tail ending in a sharp stinger.
You have large cloven feet.
Your mind is acute. (Int +4, Str/Dex -1)
You occasionally lose the ability to read scrolls when taking damage.
You expend magic power (3 MP) to strengthen your wands.


Message History

You feel very sick.
The water moccasin attacks as it pursues you!
The water moccasin bites you but does no damage.
You feel sick.
The water moccasin attacks as it pursues you!
The water moccasin bites you.
You are more poisoned.
The water moccasin poisons you!
The water moccasin bites you but does no damage.
You hit the water moccasin. Your kick misses the water moccasin.
The water moccasin is lightly wounded.
You feel very sick. The water moccasin closely misses you.
You barely miss the water moccasin. You kick the water moccasin.
The water moccasin is moderately wounded.
You feel very sick.
The water moccasin bites you but does no damage.
You slash the water moccasin!
The water moccasin is severely wounded.
You feel sick. You block the water moccasin's attack.
The water moccasin misses you.
You miss the water moccasin. Your kick misses the water moccasin.
The water moccasin is severely wounded.
You feel sick. The water moccasin bites you.
You are lethally poisoned!
The water moccasin poisons you!
You barely miss the water moccasin. Your kick misses the water moccasin.
The water moccasin is severely wounded.
* * * LOW HITPOINT WARNING * * *
You feel very sick. The water moccasin bites you.
* * * LOW HITPOINT WARNING * * *
You miss the water moccasin. You tail-slap the water moccasin.
The water moccasin is almost dead.
* * * LOW HITPOINT WARNING * * *
You feel very sick. The water moccasin bites you.
* * * LOW HITPOINT WARNING * * *
The water moccasin bites you.
You die...

##..##..## ... .........#
####### ... .........+
##.....# ..# ##.###)###
#......##..## ##[###
#.......#...+ #..).'
#.....# ...# #....#
##..)$.##...# +....#
#.....)S@...# #....#
#......##..## # ######
##.....# ..# #.######
##.....# ....% #.......
#......[ ..... #.......
#............... #.......
##...####[.###.. #...##..
##...#########..####+##..
#....)<.....#............


You could see a water moccasin.

Vanquished Creatures
  The ghost of wireframewife the Chiller, an amateur BaIE (D:4)
  A steam dragon (D:7)
  Menkaure (D:7)
  A sky beast (D:6)
  A black bear (D:6)
  A phantom (D:5)
  2 kobold brigands (D:6)
  2 bullfrogs (D:6)
  2 scorpions
  4 wights (D:7)
  A centaur zombie (Ossuary)
  4 hounds
  3 human zombies (Ossuary)
  5 orc priests
  An iguana (D:7)
  5 orc wizards
  2 mummies (Ossuary)
  10 adders
  A shadow imp (D:7)
  A white imp (D:6)
  2 ufetubi (D:6)
  3 adder zombies (Ossuary)
  A worm (D:4)
  2 dart slugs
  31 orcs
  12 endoplasms
  7 giant cockroaches
  8 goblins
  5 hobgoblins
  14 kobolds
  3 quokkas (D:4)
  3 ball pythons
  5 bats
  A goblin zombie (Ossuary)
  5 hobgoblin zombies (Ossuary)
  8 kobold zombies (Ossuary)
  14 orc zombies (Ossuary)
  6 rats
  A rat zombie (Ossuary)
  A spectral orc (D:5)
181 creatures vanquished.

Notes
Turn   | Place    | Note
-------+----------+-------------------------------------------
     0 | D:1      | IdlyInterested the Demonspawn Fighter began the quest for
                  | the Orb.
     0 | D:1      | Reached XP level 1. HP: 18/18 MP: 1/1
   228 | D:1      | Gained mutation: Your movements are slightly less
                  | encumbered by armour. (ER -2) [demonic ancestry]
   228 | D:1      | Reached XP level 2. HP: 18/24 MP: 2/2
   691 | D:1      | Reached skill level 1 in Dodging
   769 | D:1      | Found a faded altar of an unknown god.
  1100 | D:2      | HP: 1/24 [adder (1)]
  1105 | D:2      | Reached skill level 1 in Stealth
  1285 | D:2      | Gained mutation: A meltable shield of frost defends you.
                  | (SH +4) [demonic ancestry]
  1285 | D:2      | Reached XP level 3. HP: 29/29 MP: 3/3
  1591 | D:2      | Reached skill level 1 in Throwing
  2036 | D:3      | Reached skill level 1 in Evocations
  2170 | D:3      | Gained mutation: You have a small tail. [demonic ancestry]
  2170 | D:3      | Reached XP level 4. HP: 37/37 MP: 4/4
  2912 | D:4      | Found a runed translucent door.
  2913 | D:4      | Noticed wireframewife's ghost (amateur BaIE)
  2954 | D:4      | Found an opulent altar of Gozag.
  2964 | D:4      | Noticed a scorpion
  2974 | D:4      | Killed a scorpion
  2975 | D:4      | Gained mutation: You regenerate magic rapidly. [demonic
                  | ancestry]
  2975 | D:4      | Reached XP level 5. HP: 13/43 MP: 5/5
  3200 | D:4      | Reached skill level 5 in Fighting
  3670 | D:4      | Killed wireframewife's ghost
  3671 | D:4      | Reached skill level 3 in Long Blades
  3671 | D:4      | Reached XP level 6. HP: 44/51 MP: 6/6
  3704 | D:5      | Identified the "Baghuim"
  3704 | D:5      | Identified the of Ofewn
  3704 | D:5      | Identified the "Ipotac"
  3704 | D:5      | Entered Level 5 of the Dungeon
  3796 | D:5      | Found a snail-covered altar of Cheibriados.
  3909 | D:5      | Reached skill level 1 in Invocations
  3909 | D:5      | Gained mutation: A meltable icy envelope protects you from
                  | harm. (AC +4) [demonic ancestry]
  3909 | D:5      | Reached XP level 7. HP: 53/56 MP: 6/8
  4054 | D:5      | Found Ylur's Antique Weapon Shop.
  4138 | D:5      | Reached skill level 4 in Long Blades
  4187 | D:5      | Found a staircase to the Ecumenical Temple.
  4196 | Temple   | Entered the Ecumenical Temple
  4216 | D:5      | Found a basalt altar of Yredelemnul.
  4266 | D:5      | Found a shimmering blue altar of Sif Muna.
  4346 | D:5      | Found a burning altar of Makhleb.
  4883 | D:6      | Reached skill level 5 in Long Blades
  4911 | D:6      | Found a sand-covered staircase.
  4940 | Ossuary  | Entered an ossuary
  5175 | Ossuary  | Gained mutation: You have a tail ending in a sharp stinger.
                  | [demonic ancestry]
  5175 | Ossuary  | Reached XP level 8. HP: 52/62 MP: 11/11
  5362 | D:6      | Reached skill level 6 in Long Blades
  5389 | D:6      | Found Cak Wyn's Antique Weapon Boutique.
  5517 | D:6      | HP: 2/62 [orc/+0 falchion (3)]
  5863 | D:6      | Found an ancient bone altar of Kikubaaqudgha.
  5931 | D:6      | Gained mutation: You have large cloven feet. [potion of
                  | mutation]
  5931 | D:6      | Gained mutation: You occasionally lose the ability to read
                  | scrolls when taking damage. [potion of mutation]
  5931 | D:6      | Gained mutation: Your mind is acute. (Int +4, Str/Dex -1)
                  | [potion of mutation]
  5931 | D:6      | Gained mutation: You expend magic power (3 MP) to
                  | strengthen your wands. [potion of mutation]
  6206 | D:6      | Found a hide-covered altar of Uskayaw.
  6345 | D:7      | Identified the "Raiciukh"
  6351 | D:7      | Noticed Menkaure
  6358 | D:7      | Killed Menkaure
  6359 | D:7      | Reached skill level 7 in Long Blades
  6680 | D:7      | Reached skill level 8 in Long Blades
  6680 | D:7      | Reached XP level 9. HP: 61/68 MP: 12/12
  6788 | D:7      | Slain by a water moccasin

Illustrated notes

Levels and vault maps discovered:
D:1:      saegor_arrival_miasma, layout_basic, serial_corexii_hall,
          chequers_hall_statues_y, chequers_hall_statues_wall_a,
          chequers_hall_statues_corner_a, ebering_ecumenical_altar_rust
D:2:      layout_basic, minmay_cupped
D:3:      layout_basic
D:4:      layout_basic, nicolae_gozag_cash_rules_everything_around_me,
          gammafunk_ghost_grave
D:5:      layout_loops_corners, yredelemnul_forgotten_temple_becter,
          amcnicky_altar_gilded, mainiacjoe_overflow_alcove_2,
          makhleb_blood_cavern_becter, minmay_temple_entry_junction,
          serial_shops, nicolae_shop_hallway_plus
D:6:      layout_basic, nicolae_uskayaw_dance_studio, kiku_gazebo_pond_becter,
          serial_shops, nicolae_shop_trees, nicolae_ossuary_entry_ruins,
          minmay_misc_feat_rows
D:7:      layout_gridville, uniq_menkaure
Temple:   nicolae_temple_superstar

Skill      XL: |  1  2  3  4  5  6  7  8 |
---------------+-------------------------+-----
Armour         | 3 4 |  4.0
Dodging        | 1 3 |  3.0
Stealth        | 1 |  1.0
Throwing       | 1 |  1.0
Evocations     | 1 |  1.0
Fighting       | 4 5 |  5.6
Long Blades    | 3 5 8 |  8.1
Invocations    | 1 4 |  4.0
Shields        | 3 |  3.0
Unarmed Combat | |  1.7

Action                     |  1- 3 |  4- 6 |  7- 9 || total
---------------------------+-------+-------+-------++-------
  Melee: Unarmed           |   165 |       |       ||   165
         Long sword        |    27 |    81 |   260 ||   368
         Tailslap          |       |    10 |    39 ||    49
         Kick              |       |       |    26 ||    26
         Falchion          |       |       |    26 ||    26
  Throw: Stone             |     3 |     1 |    10 ||    14
  Evoke: Wand              |       |     1 |     1 ||     2
    Use: Potion            |     2 |     1 |     5 ||     8
         Scroll            |     1 |     1 |     8 ||    10
   Stab: Sleeping          |     1 |       |       ||     1
 Armour: Scale mail        |    34 |       |       ||    34
         Ring mail         |    59 |       |       ||    59
         Chain mail        |     3 |    50 |   200 ||   253
  Dodge: Dodged            |    74 |    29 |   100 ||   203
  Block: Buckler           |    62 |    30 |   109 ||   201

Table legend: (Time is in decaauts)
 A = Elapsed time spent in this place.
 B = Non-inter-level travel time spent in this place.
 C = Inter-level travel time spent in this place.
 D = Time resting spent in this place.
 E = Time spent auto-exploring this place.
 F = Levels seen in this place.
 G = Mean time per level.
                   A        B        C        D        E       F      G
               +--------+--------+--------+--------+--------+-----+--------+
         Total |   6872 |   6212 |    660 |   1136 |   3046 |   9 |  763.6 |
       Dungeon |   6526 |   5866 |    660 |   1028 |   3031 |   7 |  932.3 |
        Temple |      1 |      1 |      0 |      0 |      0 |   1 |    1.0 |
       Ossuary |    343 |    343 |      0 |    108 |     15 |   1 |  343.0 |
               +--------+--------+--------+--------+--------+-----+--------+

Top non-repeatable levels by time:
     D:6: 1368 daAuts
     D:2: 1063 daAuts
     D:1: 1055 daAuts
     D:5: 997 daAuts
     D:4: 990 daAuts
     D:3: 706 daAuts
 Ossuary: 343 daAuts
     D:7: 343 daAuts
  Temple: 1 daAuts
